Map: Acolyte LE

Players

SortOf - Winner!

  • Race: Zerg Zerg
  • Spawn Location: 1:00

Pokebunny

  • Race: Terran Terran
  • Spawn Location: 7:00

Event: WCS Montreal 2017

VOD

Have the link to the VOD?

Description

Time

  • Played on: Sept. 8, 2017, 2:48 p.m.
  • Length: 18:50

All games in this series

Show
View Real Time Build Order
Export as new Build Order

SortOf Zerg - Winner!

Build Orders: Hatch First, Muta Ling Bane 

Get SALT Encoding   

  12  0:00  Drone  
  13  0:12  Overlord  
  13  0:17  Drone  
  14  0:31  Drone x2  
  14  0:35  Drone  
  17  0:53  Hatchery  
  17  0:55  Drone  
  17  0:59  Drone  
  18  1:09  Extractor  
  17  1:14  Spawning Pool  
  17  1:16  Drone  
  17  1:21  Drone  
  18  1:28  Drone  
  19  1:39  Drone  
  20  1:49  Overlord  
  20  2:02  Queen  
  20  2:06  Queen  
  20  2:07  Zergling x4  
  26  2:10  Metabolic Boost  
  26  2:13  Drone  
  27  2:17  Drone  
  27  2:22  Drone  
  29  2:26  Drone  
  30  2:33  Drone  
  31  2:42  Hatchery  
  30  2:45  Drone  
  30  2:46  Drone  
  32  2:52  Queen  
  32  2:57  Overlord  
  34  3:02  Drone x2  
  36  3:11  Overlord  
  36  3:16  Drone x4  
  36  3:18  Drone  
  36  3:19  Drone  
  42  3:20  Drone  
  42  3:24  Zergling x2  
  44  3:33  Zergling x2  
  45  3:37  Drone x2  
  45  3:39  Queen  
  49  3:43  Lair  
  49  3:44  Drone  
  49  3:45  Drone x2  
  52  3:50  Overlord  
  52  3:56  Drone  
  52  3:57  Drone x3  
  56  4:03  Queen  
  56  4:07  Spore Crawler  
  56  4:08  Overlord  
  56  4:09  Drone x2  
  59  4:12  Spine Crawler  
  59  4:15  Zergling x4  
  59  4:16  Zergling x2  
  61  4:18  Overlord  
  61  4:21  Drone  
  61  4:22  Drone x2  
  64  4:29  Overlord  
  64  4:31  Drone x2  
  66  4:38  Drone  
  67  4:39  Queen  
  67  4:41  Drone x2  
  67  4:42  Queen  
  67  4:43  Overseer  
  73  4:47  Spore Crawler  
  73  4:48  Drone x2  
  74  4:57  Evolution Chamber  
  74  4:58  Zergling x2  
  74  5:01  Evolution Chamber  
  74  5:03  Queen, Extractor  
  74  5:04  Overlord, Baneling Nest  
  74  5:05  Drone  
  74  5:06  Overseer  
  74  5:12  Overlord  
  74  5:14  Overlord  
  74  5:18  Overlord  
  74  5:22  Overlord  
  74  5:23  Drone x8  
  74  5:25  Extractor  
  74  5:26  Extractor x2  
  78  5:33  Drone x2  
  80  5:40  Drone  
  79  5:43  Drone x2  
  79  5:44  Drone x2  
  79  5:48  Spire  
  82  5:53  Drone x4  
  86  5:58  Extractor  
  86  5:59  Drone  
  86  6:00  Drone  
  86  6:01  Drone x6  
  93  6:09  Drone  
  94  6:11  Overlord  
  94  6:12  Zerg Ground Armor Level 1  
  94  6:17  Hydralisk Den  
  93  6:20  Overlord  
  93  6:21  Drone x2  
  95  6:27  Hydralisk Den  
  95  6:30  Baneling x6  
  95  6:36  Zergling x12  
  95  6:37  Zergling x6  
  86  6:47  Drone x6  
  88  6:52  Drone  
  92  6:54  Drone  
  92  6:58  Drone x2  
  92  6:59  Baneling x4  
  91  7:01  Drone x2  
  92  7:08  Drone x2  
  92  7:09  Drone  
  92  7:13  Centrifical Hooks  
  95  7:16  Drone x2  
  95  7:20  Overlord  
  95  7:22  Mutalisk x2  
  97  7:24  Overlord  
  97  7:26  Zerg Melee Weapons Level 1  
  101  7:35  Overlord  
  101  7:42  Overlord  
  101  7:43  Overlord x2, Hatchery  
  100  7:52  Hydralisk  
  100  7:53  Hydralisk x4  
  100  7:56  Muscular Augments  
  110  8:01  Hydralisk  
  110  8:02  Hydralisk x2  
  116  8:09  Hydralisk x2  
  116  8:11  Overlord  
  120  8:19  Hydralisk  
  120  8:20  Hydralisk x2  
  120  8:24  Drone  
  120  8:25  Drone x8  
  135  8:30  Zergling x6  
  135  8:33  Zerg Ground Armor Level 2  
  138  8:38  Baneling x3  
  137  8:42  Overseer  
  137  8:43  Zergling x10  
  142  8:48  Baneling  
  142  8:49  Baneling x4  
  142  8:52  Zergling x12  
  148  9:00  Zergling x2  
  148  9:01  Zergling x10  
  154  9:07  Baneling x6  
  155  9:10  Zergling x12  
  160  9:18  Infestation Pit, Zergling x4  
  160  9:20  Zerg Melee Weapons Level 2  
  161  9:25  Zergling x14  
  161  9:29  Baneling x5  
  154  9:41  Zergling x2  
  154  9:42  Zergling x18  
  154  9:58  Extractor  
  153  10:01  Zergling x2  
  153  10:02  Zergling x20, Hydralisk x3  
  153  10:03  Baneling x3  
  153  10:04  Hive  
  170  10:13  Zergling x8  
  174  10:14  Overlord  
  174  10:18  Baneling x4  
  174  10:22  Overlord  
  174  10:23  Hydralisk  
  174  10:24  Hydralisk  
  174  10:25  Hydralisk x2  
  174  10:27  Hatchery  
  174  10:28  Hydralisk  
  181  10:34  Overlord  
  183  10:37  Zergling x4  
  183  10:38  Zergling x14  
  183  10:39  Baneling  
  183  10:40  Baneling x22  
  191  10:51  Zergling x2  
  191  10:52  Zergling x16  
  191  10:56  Zergling x2  
  189  11:13  Zergling x12  
  189  11:18  Zergling x4  
  167  11:19  Zergling x8  
  167  11:22  Zergling x2  
  150  11:27  Hydralisk x4  
  150  11:28  Ultralisk Cavern  
  155  11:33  Adrenal Glands  
  155  11:35  Hatchery  
  154  11:41  Zergling x8  
  154  11:42  Baneling x7  
  154  11:43  Baneling x5  
  154  11:46  Zergling x10  
  163  11:53  Zergling x2  
  164  12:04  Viper x2  
  164  12:05  Overlord  
  170  12:18  Chitinous Plating, Extractor  
  170  12:19  Ultralisk  
  170  12:20  Extractor, Overlord  
  170  12:21  Drone x3  
  170  12:22  Drone x2  
  179  12:23  Drone x4  
  179  12:28  Corruptor  
  185  12:35  Baneling x5  
  185  12:36  Baneling  
  184  12:37  Spine Crawler  
  184  12:39  Zergling x2  
  184  12:40  Zergling x26  
  197  12:49  Zergling x4  
  199  13:01  Zerg Ground Armor Level 3  
  199  13:02  Zerg Melee Weapons Level 3  
  194  13:25  Baneling x11  
  194  13:27  Greater Spire  
  194  13:30  Extractor  
  192  13:35  Viper  
  184  13:46  Ultralisk x2  
  184  13:47  Ultralisk, Zergling x16  
  195  13:57  Zergling x8  
  193  14:11  Viper x2  
  193  14:14  Zergling x12  
  195  14:27  Zergling x8  
  199  14:41  Baneling x2  
  199  14:44  Hatchery  
  193  14:51  Zergling x24  
  193  14:52  Zergling x2  
  196  14:59  Zerg Flyer Weapons Level 1  
  185  15:23  Zergling x6  
  185  15:26  Zergling x10  
  172  15:40  Ultralisk, Hydralisk x5  
  172  15:41  Zergling x20  
  180  15:45  Ultralisk x3  
  180  15:46  Infestor x3  
  180  15:49  Burrow  
  196  15:50  Corruptor  
  198  15:57  Extractor  
  198  15:59  Spine Crawler  
  198  16:00  Extractor  
  193  16:26  Corruptor x3  
  195  16:48  Corruptor x2  
  195  16:49  Corruptor  
  164  17:27  Brood Lord x5  
  164  17:28  Brood Lord x2  
  178  17:31  Corruptor x9  
  186  17:46  Zergling x20  
  186  17:47  Zergling x2  
  197  18:00  Infestor  
  199  18:18  Baneling  
  199  18:19  Baneling x5  
  199  18:24  Extractor  
  198  18:27  Hatchery  
  197  18:34  Hatchery  
Show
View Real Time Build Order
Export as new Build Order

Pokebunny Terran 

Build Orders: Gas First Reaper Expand, Liberator Opening, Reaper Expand, MMM Bio 

Get SALT Encoding   

  12  0:00  SCV  
  13  0:13  SCV  
  14  0:17  Supply Depot  
  14  0:25  SCV  
  15  0:29  Refinery  
  15  0:39  SCV  
  16  0:45  Barracks  
  16  0:51  SCV  
  17  1:03  SCV  
  18  1:15  SCV  
  19  1:31  Orbital Command  
  19  1:33  Reaper  
  20  1:45  Command Center  
  20  1:57  Factory, SCV  
  21  2:02  Refinery  
  21  2:06  Barracks Reactor  
  21  2:09  SCV  
  21  2:14  Supply Depot  
  22  2:21  SCV  
  23  2:36  SCV  
  24  2:42  Starport  
  24  2:49  Hellion x2  
  28  2:53  SCV  
  28  2:58  Orbital Command  
  29  3:05  SCV  
  30  3:11  Hellion x2  
  34  3:17  SCV  
  34  3:19  Fusion Core  
  35  3:25  SCV  
  36  3:28  Viking  
  36  3:32  SCV  
  39  3:38  SCV  
  39  3:41  Supply Depot  
  39  3:44  Barracks Tech Lab  
  39  3:47  Hellion x2  
  43  3:50  SCV  
  43  3:51  SCV  
  45  3:59  Liberator  
  45  4:03  Supply Depot, SCV x2  
  45  4:07  Advanced Ballistics  
  47  4:16  SCV x2  
  52  4:20  Supply Depot  
  52  4:28  SCV x2, Hellion x2  
  58  4:32  Supply Depot  
  58  4:40  SCV x2  
  58  4:43  Liberator  
  60  4:49  Command Center  
  60  4:52  Hellion  
  62  4:58  Hellion  
  64  5:01  SCV x2  
  64  5:04  Barracks Tech Lab  
  69  5:10  Refinery  
  69  5:11  Refinery  
  69  5:13  Armory  
  69  5:19  Hellion x2  
  69  5:20  SCV x2  
  75  5:23  Marine  
  76  5:34  SCV  
  76  5:35  SCV  
  78  5:41  Engineering Bay x2  
  78  5:42  Stimpack  
  78  5:47  Barracks  
  78  5:49  Barracks  
  78  5:50  Factory Reactor  
  78  5:54  Marine  
  76  5:57  Supply Depot  
  76  6:02  Orbital Command  
  76  6:04  SCV x2  
  76  6:08  Terran Infantry Armor Level 1, Terran Infantry Weapons Level 1  
  78  6:11  Marine  
  78  6:12  Supply Depot  
  78  6:13  Starport Reactor  
  79  6:21  SCV x2  
  81  6:29  Marine  
  79  6:39  Marine  
  78  6:41  Barracks  
  78  6:42  Hellion x3  
  78  6:44  Barracks  
  76  6:49  Orbital Command  
  76  6:50  Marine  
  76  6:53  Medivac x2  
  81  6:54  SCV  
  81  6:57  SCV  
  71  7:02  Marine x4  
  71  7:05  Siege Tank  
  76  7:13  Marine  
  77  7:16  SCV  
  77  7:17  SCV x2  
  77  7:19  Marine  
  77  7:20  Marine x2  
  83  7:23  Supply Depot  
  83  7:27  Marine  
  83  7:29  Medivac x2  
  88  7:30  Marine  
  88  7:32  Barracks Reactor  
  88  7:33  Barracks Reactor  
  88  7:34  SCV x3  
  92  7:37  Siege Tank, Marine x3  
  92  7:38  Refinery  
  98  7:46  Supply Depot x2, Marine  
  98  7:48  Marine, SCV x3  
  98  7:49  Combat Shields  
  103  7:55  Marine x3  
  103  7:57  Supply Depot  
  106  7:59  Medivac  
  106  8:00  SCV x3  
  106  8:04  Marine, Terran Infantry Weapons Level 2  
  114  8:06  Marine, Terran Infantry Armor Level 2  
  114  8:08  Medivac  
  115  8:13  Supply Depot  
  115  8:15  Marine x7  
  115  8:19  Siege Tank  
  125  8:21  Marine  
  125  8:26  Supply Depot  
  126  8:30  Barracks  
  126  8:31  Barracks  
  126  8:32  Barracks  
  126  8:34  Supply Depot x2, Marine  
  126  8:35  Marine x7  
  126  8:40  Marauder  
  136  8:47  Supply Depot x2  
  136  8:51  Siege Tank  
  136  8:52  Marine  
  140  8:55  Marine  
  140  8:56  Marine x2  
  140  8:57  Marine x3  
  140  8:59  Supply Depot  
  140  9:00  Refinery  
  140  9:01  Marauder  
  148  9:09  Marine  
  149  9:10  Marine  
  149  9:12  Medivac x2  
  149  9:13  Marine x2  
  156  9:17  Barracks Tech Lab x2  
  156  9:19  Marine, Barracks Reactor  
  156  9:20  Marine x2  
  149  9:41  Marine x2  
  149  9:42  Marine x6, Marauder x3  
  140  9:53  Siege Tank, Medivac x2  
  140  9:58  Marine, Concussive Shells  
  140  9:59  Marine x3  
  151  10:00  Marine x4  
  151  10:03  Marauder  
  157  10:10  Marine, Marauder x2  
  157  10:11  Command Center, Marine  
  163  10:20  Marine  
  163  10:21  Marine x6  
  166  10:24  Marauder  
  172  10:32  Terran Infantry Weapons Level 3  
  172  10:34  Terran Infantry Armor Level 3  
  171  10:49  Marine x8, Marauder x3  
  160  11:16  Marine x7, Marauder x3  
  152  11:20  Liberator  
  152  11:21  Liberator  
  124  11:26  Marine x2  
  124  11:27  Marine  
  127  11:34  Marine  
  127  11:37  Marauder  
  136  11:42  Fusion Core  
  136  11:43  SCV  
  136  11:44  SCV x2  
  136  11:46  Starport  
  139  11:50  Marine x2, Marauder  
  139  11:51  Marine, Marauder  
  146  11:58  Siege Tank  
  149  12:05  Refinery, Planetary Fortress  
  148  12:09  Liberator x2, Missile Turret  
  148  12:10  Missile Turret  
  148  12:13  Refinery  
  148  12:15  Marine  
  149  12:17  Starport  
  149  12:27  Starport Tech Lab  
  155  12:30  Liberator, Marine  
  155  12:31  Marauder x2  
  160  12:40  Marine x2  
  160  12:41  Marauder  
  160  12:42  Marine x5  
  160  12:44  Liberator  
  170  13:00  Marauder  
  170  13:04  Liberator x2  
  175  13:13  Marine x9, Marauder x2  
  175  13:14  Siege Tank  
  197  13:34  Marine, Marauder  
  190  13:47  Marine x3, Marauder  
  190  13:48  Marine x2, Marauder  
  187  13:50  SCV x3  
  187  13:56  Marine x5  
  187  13:57  Marauder  
  192  14:05  Marine x4  
  192  14:07  Marine  
  192  14:30  Liberator  
  192  14:31  Barracks Reactor  
  192  14:34  Supply Depot  
  192  14:35  Supply Depot  
  192  14:39  Liberator x3  
  192  14:45  Marine  
  188  14:46  Marine, Marauder x2  
  188  14:47  Marine x3  
  188  14:49  Marauder  
  188  14:50  Marine  
  188  14:53  Marine  
  188  14:54  Ghost Academy, Marine  
  195  15:03  Marine x2  
  193  15:11  Marine  
  193  15:13  Liberator  
  193  15:14  Marine x2  
  172  15:15  Marine, Marauder  
  172  15:16  Marauder  
  165  15:23  Orbital Command  
  137  15:37  Marine x8, Marauder x2  
  137  15:38  Marine x2  
  132  15:44  Medivac x2  
  136  16:01  Medivac  
  136  16:02  Marine x2  
  136  16:03  Ghost  
  139  16:05  Marauder  
  143  16:17  Liberator  
  143  16:23  Orbital Command  
  137  16:35  Ghost, Marine x3, Marauder  
  137  16:36  Marine x4  
  147  17:22  Medivac  
  92  17:23  Ghost, Medivac x3  
  92  17:24  Marine x7  
  92  17:25  Ghost  
  92  17:27  Ghost  
  102  17:44  Marine  
  102  17:45  Marine x4  
  102  17:49  Sensor Tower x2  
  107  17:58  Ghost x3  
  107  18:00  Marine, Missile Turret  
  114  18:12  Viking x4  
Tags
 
Add a new tag
Caveats
  • Supply blocks, unpowered buildings, or Contaminate may cause inaccurate times.
  • Supply counts are checked every 10 seconds.